 Dungeon Crawl Stone Soup version 0.28-a0-410-gbef64dd269 (webtiles) character file.

Game seed: 8135119393000943831

60 avis the Grasshopper (level 3, -2/17 HPs)
             Began as a Felid Warper on Sept 7, 2021.
             Splashed by a jelly's acid (9 damage)
             ... on level 4 of the Dungeon.
             The game lasted 00:22:03 (5380 turns).

avis the Grasshopper (Felid Warper)                 Turns: 5380, Time: 00:22:04

Health: -2/17      AC:  1    Str:  8    XL:     3   Next: 82%
Magic:  7/7        EV: 17    Int: 14    God:
Gold:   119        SH:  0    Dex: 15    Spells: 4/6 levels left
                                        Lives:  0   Deaths: 1

rFire   . . .      SeeInvis +     - Unarmed
rCold   . . .      Faith    .   (shield unavailable)
rNeg    . . .      Spirit   .   (armour unavailable)
rPois   .          Reflect  .   (helmet unavailable)
rElec   .          Harm     .   (cloak unavailable)
rCorr   .          Rampage  .   (gloves unavailable)
Will    .....                   (boots unavailable)
Stlth   ++........              (no amulet)
HPRegen 0.05/turn               (no ring)
MPRegen 0.10/turn               (no ring)

@: quick
A: very small, claws 1, fangs 3, see invisible, speed 1, shaggy fur 1, stealthy
paws, no weapons or thrown items, no armour, multi-lived
a: no special abilities


You were on level 4 of the Dungeon.
You visited 1 branch of the dungeon, and saw 4 of its levels.

You collected 119 gold pieces.

Inventory:

Wands
 m - a wand of flame (18)
Scrolls
 a - 2 scrolls of blinking
 b - a scroll of noise {unknown}
 c - 5 scrolls of identify {unknown}
 d - a scroll of magic mapping {unknown}
 f - a scroll of amnesia {unknown}
 k - a scroll of enchant armour {unknown}
Potions
 e - a potion of brilliance {unknown}
 g - a potion of curing {unknown}
 h - a potion of flight {unknown}
 i - a potion of mutation {unknown}
 j - a potion of heal wounds
 l - a potion of berserk rage {unknown}


   Skills:
 - Level 3.0 Fighting
 - Level 3.2 Dodging
 + Level 3.6 Stealth
 * Level 3.4 Unarmed Combat
 - Level 2.0 Spellcasting
 - Level 4.4 Translocations


You had 4 spell levels left.
You knew the following spells:

 Your Spells              Type           Power      Damage    Failure   Level
b - Blink                 Tloc           N/A        N/A       6%          2

Your spell library contained the following spells:

 Spells                   Type           Power      Damage    Failure   Level
 Gell's Gravitas          Tloc           6%         N/A       12%         3
 Lesser Beckoning         Tloc           13%        N/A       12%         3
 Teleport Other           Tloc           13%        N/A       12%         3
 Passwall                 Tmut/Erth      0%         N/A       34%         2
 Swiftness                Air            1%         N/A       56%         3
 Manifold Assault         Tloc           13%        N/A       73%         5
 Invisibility             Hex            0%         N/A       100%        6


Dungeon Overview and Level Annotations

Branches:
Dungeon (4/15)
 Temple: D:4-7

Altars:

Shops:
D:1 *

Annotations:
D:4 Ijyb


Innate Abilities, Weirdness & Mutations

You have sharp claws.
You have razor-sharp teeth.
You have supernaturally acute eyesight. (SInv)
You cover ground quickly. (Speed+)
You are covered in fur. (AC +1)
Your paws help you pounce on unaware monsters.
You are incapable of wielding weapons or throwing items.
You cannot wear armour.
You gain extra lives every three experience levels.


Message History

Done exploring.
Done exploring.
Search for what [Enter for "."]? .
You see here 16 stones.
There is a stone staircase leading down here.
You climb downwards.
Ijyb shouts!
There is a stone staircase leading up here.
An orc comes into view. It is wielding a +0 dagger.
Found 12 gold pieces.
There is a stone staircase leading up here.
The orc shouts!
You climb upwards.
There is a stone staircase leading down here.
There is a stone staircase leading down here.
You climb downwards.
Level annotation: Ijyb The hobgoblin shouts!
Found a stone staircase leading up.
There is a stone staircase leading up here.
The hobgoblin hits you.
You hear a zap.
You hear a grinding noise.
You closely miss the hobgoblin. The hobgoblin completely misses you.
You scratch the hobgoblin.
The hobgoblin is almost dead.
A jelly comes into view.
The hobgoblin hits you but does no damage.
The jelly quivers.
You scratch the hobgoblin.
You kill the hobgoblin!
The jelly barely misses you.
You see here a hobgoblin corpse.
You scratch the jelly.
Your paws burn!
The jelly is moderately wounded.
The jelly misses you.
You claw the jelly!
Your paws burn!
The jelly is severely wounded.
The jelly hits you.
You are splashed with acid!
Ouch! That really hurt!
You die...

#.#
#.#
#.#
#.#
#.#
#<#
#.#
#.#
#@#
#J#
...
.#.##
###.#
#.#
#.#
#.#


You could see a jelly.

Vanquished Creatures
  A gnoll (D:1)
  An adder (D:3)
  3 worms
  2 dart slugs
  2 orcs (D:3)
  8 endoplasms
  2 giant cockroaches (D:3)
  11 goblins
  9 hobgoblins
  8 jackals
  2 quokkas (D:1)
  5 ball pythons
  5 bats
  4 frilled lizards
  7 kobolds
  6 rats
76 creatures vanquished.

Notes
Turn   | Place    | Note
-------+----------+-------------------------------------------
     0 | D:1      | avis the Felid Warper began the quest for the Orb.
     0 | D:1      | Reached XP level 1. HP: 9/9 MP: 4/4
   392 | D:1      | Reached skill level 1 in Stealth
   392 | D:1      | Reached XP level 2. HP: 7/13 MP: 6/6
  1029 | D:1      | Found a faded altar of an unknown god.
  1764 | D:1      | Reached XP level 3. HP: 12/17 MP: 7/7
  2002 | D:1      | Learned a level 2 spell: Blink
  2263 | D:1      | Found Mous's Assorted Antiques.
  3286 | D:2      | Reached XP level 4. HP: 20/21 MP: 8/8
  4872 | D:3      | Succumbed to an adder's poison
  4873 | D:3      | Reached XP level 3. HP: -1/17 MP: 7/7
  5336 | D:4      | Noticed Ijyb
  5380 | D:4      | Splashed by a jelly's acid

Illustrated notes

Levels and vault maps discovered:
D:1:      noname_arrival_rooms_in_the_neighbourhood, layout_loops_ring,
          shapermc_ecumenical_altar_notcrosses, serial_shops,
          nicolae_shop_overgrown_old_shop
D:2:      layout_loops_ring
D:3:      minmay_skewed_foursquare, layout_basic
D:4:      layout_basic, kennysheep_mini, nicolae_elemental_shop, uniq_robin,
          uniq_ijyb, uniq_eustachio

Skill      XL: |  1  2  3  4 |
---------------+-------------+-----
Stealth        | 1 2 3 |  3.6
Fighting       | 3 |  3.0
Unarmed Combat | 3 |  3.4
Dodging        | |  3.2
Spellcasting   | |  2.0
Translocations | |  4.4

Action                   |  1- 3 |  4- 6 || total
-------------------------+-------+-------++-------
Melee: Unarmed           |   148 |    82 ||   230
       Bite              |    10 |     7 ||    17
  Use: Potion            |       |     1 ||     1
 Stab: Sleeping          |     5 |     5 ||    10
Armor: Skin              |     8 |     2 ||    10
Dodge: Dodged            |    95 |    31 ||   126

Table legend: (Time is in decaauts)
 A = Elapsed time spent in this place.
 B = Non-inter-level travel time spent in this place.
 C = Inter-level travel time spent in this place.
 D = Time resting spent in this place.
 E = Time spent auto-exploring this place.
 F = Levels seen in this place.
 G = Mean time per level.
                   A        B        C        D        E       F      G
               +--------+--------+--------+--------+--------+-----+--------+
         Total |   4918 |   4729 |    189 |   2751 |   1048 |   4 | 1229.5 |
       Dungeon |   4918 |   4729 |    189 |   2751 |   1048 |   4 | 1229.5 |
               +--------+--------+--------+--------+--------+-----+--------+

Top non-repeatable levels by time:
     D:1: 2402 daAuts
     D:3: 1677 daAuts
     D:2: 828 daAuts
     D:4: 11 daAuts
